 Dungeon Crawl Stone Soup version 0.23-a0-296-ga3b1b28 (webtiles) character file.

19 mhoghedin the Charlatan (level 2, 0/16 HPs)
             Began as a Kobold Artificer on Oct 5, 2018.
             Slain by a hobgoblin (4 damage)
             ... on level 2 of the Dungeon.
             The game lasted 00:00:48 (506 turns).

mhoghedin the Charlatan (Kobold Artificer)           Turns: 506, Time: 00:00:49

Health: 0/16       AC:  3    Str:  9    XL:     2   Next: 95%
Magic:  4/4        EV: 20    Int: 12    God:
Gold:   30         SH:  0    Dex: 20    Spells: 1/1 levels left

rFire    . . .     SeeInvis .   a - +0 short sword
rCold    . . .     Gourm    .   (shield restricted)
rNeg     . . .     Faith    .   b - +0 leather armour
rPois    .         Spirit   .   (no helmet)
rElec    .         Reflect  .   (no cloak)
rCorr    .         Harm     .   (no gloves)
MR       .....                  (no boots)
Stlth    +++.......             (no amulet)
HPRegen  0.05/turn              (no ring)
MPRegen  0.09/turn              (no ring)

@: agile
A: small, carnivore
a: no special abilities


You were on level 2 of the Dungeon.
You were not hungry.

You visited 1 branch of the dungeon, and saw 2 of its levels.

You collected 30 gold pieces.

Inventory:

Hand Weapons
 a - a +0 short sword (weapon)
Missiles
 l - 2 needles of confusion
Armour
 b - a +0 leather armour (worn)
 m - a +0 pair of gloves
   (You found it on level 2 of the Dungeon)
Wands
 c - a wand of flame (15)
 d - a wand of enslavement (14)
 e - a wand of random effects (15)
Scrolls
 g - a scroll of enchant weapon {unknown}
 i - a scroll of magic mapping {unknown}
 j - a scroll of teleportation {unknown}
 k - a scroll of remove curse {unknown}
Comestibles
 f - a ration


   Skills:
 + Level 1.5 Fighting
 + Level 2.0 Short Blades
 + Level 2.7 Dodging
 + Level 2.1 Stealth
 + Level 3.9 Evocations


You had one spell level left.
You didn't know any spells.
Your spell library was empty.

Dungeon Overview and Level Annotations

Branches:
Dungeon (2/15)

Altars:


Innate Abilities, Weirdness & Mutations

You are small and have problems with some larger weapons.
You are carnivorous and can eat meat at any time.


Message History

You kill the giant cockroach!
No target in view!
No target in view!
No target in view!
No target in view!
No target in view!
No target in view!
No target in view!
k - a scroll labeled USUREGAVAPPE A hobgoblin comes into view.
It is wielding a club.
A hobgoblin is nearby!
The hobgoblin shouts!
You hear a shout!
The hobgoblin hits you with a club.
A goblin comes into view.
The goblin shouts!
You hit the hobgoblin. The hobgoblin closely misses you.
A rat comes into view.
You closely miss the hobgoblin. The hobgoblin misses you.
You closely miss the hobgoblin. The hobgoblin barely misses you.
You take 3 damage, and have 13/16 hp.
You hit the hobgoblin.
The hobgoblin hits you but does no damage.
You hit the hobgoblin.
You kill the hobgoblin!
The goblin hits you.
You miss the goblin. The goblin misses you.
The rat bites you but does no damage.
You hit the goblin.
You kill the goblin!
Your Short Blades skill increases to level 2!
The rat closely misses you.
You hit the rat. The rat bites you but does no damage.
You hit the rat.
You kill the rat!
No target in view!
You take 2 damage, and have 11/16 hp.
No target in view!
No target in view!
You see here a goblin corpse.
You see here a chain mail.
You see here 2 needles of confusion.
Things that are here:
a short sword; a kobold skeleton
There is a stone staircase leading down here.
You see here a leopard gecko skeleton.
Done exploring.
Health restored: 16 Done exploring.
Done exploring.
Search for what [? for help]? needle You see here 2 needles of confusion.
l - 2 needles of confusion Done exploring.
Done exploring.
There are no items here.
Done exploring.
(D) Dungeon
Where to? (Enter - D:1 @ (x,y), ? - help)
There is a stone staircase leading down here.
You climb downwards.
There is a stone staircase leading up here.
m - a pair of gloves A crimson imp comes into view.
The crimson imp shouts!
You hear an angry hiss.
Found a stone staircase leading down.
A crimson imp is nearby!
You closely miss the crimson imp.
An adder comes into view.
The crimson imp closely misses you.
Your leather armour prevents you from hitting the crimson imp.
The crimson imp hits you.
You take 1 damage, and have 15/16 hp.
You hit the crimson imp but do no damage.
The adder closely misses you. The crimson imp misses you.
You hit the crimson imp. The adder misses you. The crimson imp hits you.
You hit the crimson imp. The adder closely misses you.
The crimson imp closely misses you. The adder closely misses you.
You take 1 damage, and have 14/16 hp.
You closely miss the crimson imp.
A hobgoblin comes into view.
The adder bites you.
The crimson imp blinks!
You take 2 damage, and have 12/16 hp.
You barely miss the adder.
The hobgoblin shouts!
The adder misses you.
The crimson imp blinks!
You hit the adder. The adder barely misses you.
You barely miss the adder. The adder bites you.
A giant cockroach comes into view.
The adder bites you.
You take 3 damage, and have 9/16 hp.
Unknown command.
It was a potion of agility.
You feel agile all of a sudden. The hobgoblin misses you. The adder misses you.
You hit the adder. The adder misses you. The hobgoblin hits you.
* * * LOW HITPOINT WARNING * * *
You take 5 damage, and have 4/16 hp.
MASSIVE DAMAGE!!
Aim: an adder (almost dead, chance to defeat MR: 66%)
The adder is charmed.
The crimson imp blinks!
The hobgoblin hits you.
You die...

...# ... . ... ...
.... ....# ..##
......####..#
....§sg@S.#.####
.>...####......#
.....####......####...
. ....................
...####.....<##
#......# ########


You could see a giant cockroach, a hobgoblin and a friendly adder.

Vanquished Creatures
  A leopard gecko (D:1)
  2 bats (D:1)
  2 giant cockroaches (D:1)
  4 hobgoblins (D:1)
  A ball python (D:1)
  3 goblins (D:1)
  A kobold (D:1)
  2 rats (D:1)
16 creatures vanquished.

Notes
Turn   | Place    | Note
-------+----------+-------------------------------------------
     0 | D:1      | mhoghedin the Kobold Artificer began the quest for the Orb.
     0 | D:1      | Reached XP level 1. HP: 12/12 MP: 3/3
    64 | D:1      | Reached XP level 2. HP: 15/16 MP: 4/4
   222 | D:1      | Reached skill level 2 in Stealth
   328 | D:1      | Reached skill level 2 in Short Blades
   493 | D:2      | Noticed a crimson imp
   505 | D:2      | HP: 4/16 [hobgoblin (5)]
   506 | D:2      | Slain by a hobgoblin

Vault maps used:
D:1:      dpeg_arrival_stonehenge_8_columns
D:2:      lemuel_coloured_pillars_altar, grunt_ministairs_3,
          minmay_misc_feat_diagonals

Skill      XL: |  1  2 |
---------------+-------+-----
Stealth        | 2 |  2.1
Short Blades   | 2 |  2.0
Fighting       | |  1.5
Dodging        | |  2.7
Evocations     | |  3.9

Action                   || total
-------------------------++-------
Melee: Short sword       ||    55
Evoke: Wand              ||     1
  Use: Potion            ||     1
 Stab: Sleeping          ||     2
Armor: Leather armour    ||    10
Dodge: Dodged            ||    33

Table legend:
 A = Non-vault XP
 B = Vault XP
 C = Vault XP percentage of total XP
 D = Non-vault monster count
 E = Vault monster count
 F = Vault count percentage of total count
                 A         B        C        D         E       F
            +---------+---------+-------+---------+---------+-------
      Total |      28 |       0 |   0.0 |      16 |       0 |   0.0
            +---------+---------+-------+---------+---------+-------
        D:1 |      28 |       0 |   0.0 |      16 |       0 |   0.0
            +---------+---------+-------+---------+---------+-------

Vault maps used:
D:1:      dpeg_arrival_stonehenge_8_columns
D:2:      lemuel_coloured_pillars_altar, grunt_ministairs_3,
          minmay_misc_feat_diagonals

Table legend:
 A = Turns spent in this place as a percentage of turns spent in the entire game.
 B = Non-inter-level travel turns spent in this place as a percentage of non-inter-level travel turns spent in the entire game.
 C = Inter-level travel turns spent in this place as a percentage of turns spent in this place.
 D = Turns resting spent in this place as a percentage of non-inter-level travel turns spent in this place.
 E = Turns spent auto-exploring this place as a percentage of non-inter-level travel turns spent in this place.
 F = Non-inter-level travel turns spent in this place divided by the number of levels of this place that you've seen.
                   A       B       C       D       E      F
               +-------+-------+-------+-------+-------+----------------------
         Total | 100.0 | 100.0 |   6.5 |  23.3 |  53.7 | 236.5
       Dungeon | 100.0 | 100.0 |   6.5 |  23.3 |  53.7 | 236.5
               +-------+-------+-------+-------+-------+----------------------

Table legend:
 A = Kills in this place as a percentage of kills in entire the game.
 B = Kills by you in this place as a percentage of kills by you in the entire game.
 C = Kills by friends in this place as a percentage of kills by friends in the entire game.
 D = Other kills in this place as a percentage of other kills in the entire game.
 E = Experience gained in this place as a percentage of experience gained in the entire game.
 F = Experience gained in this place divided by the number of levels of this place that you have seen.
                   A       B       C       D       E      F
               +-------+-------+-------+-------+-------+----------------------
         Total | 100.0 | 100.0 |   N/A |   N/A | 100.0 |  14.0
       Dungeon | 100.0 | 100.0 |   N/A |   N/A | 100.0 |  14.0
               +-------+-------+-------+-------+-------+----------------------
